 Dungeon Crawl Stone Soup version 0.17-a0-1945-gfe993df (webtiles) character file.

18 esc the Insei (level 2, -4/18 HPs)
             Began as an Octopode Transmuter on Sept 30, 2015.
             Slain by a gnoll
             ... wielding a +0 spear
              (5 damage)
             ... on level 1 of the Dungeon.
             The game lasted 00:01:01 (269 turns).

esc the Insei (Octopode Transmuter)                  Turns: 269, Time: 00:01:01

Health: -4/18      AC:  1    Str:  9    XL:     2   Next: 66%
Magic:  4/5        EV: 12    Int: 15    God:
Gold:   12         SH:  0    Dex: 12    Spells: 1 memorised, 4 levels left

rFire  . . .     SeeInvis .       - Unarmed
rCold  . . .     Clarity  .     (no shield)
rNeg   . . .     SustAt   .     (helmet restricted)
rPois  .         Gourm    .     (no amulet)
rElec  .         Spirit   .     (no ring)
rCorr  .         Warding  .     (no ring)
rMut   .         Stasis   .     (no ring)
MR     .....                    (no ring)
Stlth  ++........               (no ring)
                                (no ring)
                                (no ring)
                                (no ring)

@: appendage (expiring), not resistant to hostile enchantments, unstealthy
A: almost no armour, amphibious, 8 rings, constrict 8, tentacle spike 3,
camouflage 1, gelatinous body 1
a: End Transformation


You were on level 1 of the Dungeon.
You were not hungry.
One of your tentacles had a temporary spike.
You visited 1 branch of the dungeon, and saw 1 of its levels.

You collected 12 gold pieces.

Inventory:

Missiles
 a - 12 arrows
Scrolls
 e - 2 scrolls of teleportation
Potions
 g - a potion of ambrosia {unknown}
Books
 b - a book of Changes
Comestibles
 c - a bread ration {@e1}
 d - 12 chunks of flesh {@w0}
 f - 5 fruits


   Skills:
 + Level 1.2 Fighting
 + Level 2.2 Dodging
 + Level 3.2 Unarmed Combat
 + Level 2.2 Spellcasting
 + Level 2.2 Transmutations


You had 4 spell levels left.
You knew the following spells:

 Your Spells              Type           Power        Failure   Level  Hunger
a - Beastly Appendage     Trmt           #.....       12%         1    #......


Dungeon Overview and Level Annotations

Branches:
Dungeon (1/15)

Altars:


Innate Abilities, Weirdness & Mutations

You cannot wear most types of armour.
You are amphibious.
You can wear up to eight rings at the same time.
You can use your tentacles to constrict eight enemies at once.
Your skin changes colour to match your surroundings (Stealth).
Your rubbery body absorbs attacks (AC +1).
One of your tentacles bears a large vicious spike.


Message History

You butcher the rat corpse.
d - 10 chunks of flesh {@w0} (gained 1)
A goblin comes into view. It is wielding a dagger.
The goblin shouts! x2
A ball python comes into view.
You tentacle-slap the goblin.
You kill the goblin!
You tentacle-slap the goblin. Your grab misses the goblin.
The goblin closely misses you.
You tentacle-slap the goblin.
You kill the goblin!
You tentacle-slap the ball python.
You kill the ball python!
No target in view!
No target in view!
g - an orange potion You see here a dagger.
A bat comes into view.
Health restored: 18 A goblin comes into view.
You closely miss the goblin. You grab the goblin. You constrict the goblin.
The goblin barely misses you. The bat hits you.
You take 1 damage, and have 17/18 hp.
You tentacle-slap the goblin.
You kill the goblin!
The bat closely misses you.
A bat comes into view.
The bat barely misses you.
A giant newt comes into view.
The bat closely misses you.
You see here a goblin corpse.
You tentacle-slap the bat. Your grab misses the bat.
Your squeeze misses the bat. The bat hits you but does no damage.
The bat closely misses you.
You closely miss the bat. Your grab misses the bat.
The bat completely misses you.
You closely miss the bat. Your grab misses the bat. The bat closely misses you.
You barely miss the bat. Your grab misses the bat.
The bat hits you but does no damage. x2
You barely miss the bat. You grab the bat. You constrict the bat.
The bat closely misses you. The bat hits you but does no damage.
The bat struggles to escape constriction.
You tentacle-slap the bat.
You kill the bat!
The bat hits you.
You take 1 damage, and have 16/18 hp.
You miss the bat. You grab the bat. You constrict the bat. The bat hits you.
The bat struggles to escape constriction. x2
You take 1 damage, and have 15/18 hp.
You barely miss the bat. You constrict the bat.
You kill the bat!
A kobold comes into view.
The kobold shouts!
You tentacle-slap the giant newt.
You kill the giant newt!
You tentacle-slap the kobold. Your grab misses the kobold. The kobold hits you.
You take 1 damage, and have 14/18 hp.
You tentacle-slap the kobold.
You kill the kobold!
No target in view!
You see here a kobold corpse.
You butcher the kobold corpse.
You see here 3 inedible chunks of flesh {@w0}.
You see here a goblin corpse.
You butcher the goblin corpse.
d - 11 chunks of flesh {@w0} (gained 1)
You see here a goblin skeleton.
You see here a bat corpse.
You butcher the bat corpse.
d - 12 chunks of flesh {@w0} (gained 1)
A gnoll comes into view. It is wielding a spear.
You regained 2 hp, and now have 17/18 hp.
One of your tentacles grows a vicious spike.
You now have 4/5 mp.
The gnoll shouts!
The gnoll hits you from afar with a spear.
You take 3 damage, and have 14/18 hp.
Your transformation is almost over.
The gnoll closely misses you.
You tentacle-slap the gnoll. Your grab misses the gnoll.
The gnoll hits you with a spear!
You take 7 damage, and have 8/18 hp.
MASSIVE DAMAGE!!
You closely miss the gnoll. Your grab misses the gnoll.
The gnoll closely misses you.
You tentacle-slap the gnoll. You grab the gnoll.
You pierce the gnoll, but do no damage.
You constrict the gnoll. The gnoll hits you with a spear.
* * * LOW HITPOINT WARNING * * *
You take 6 damage, and have 2/18 hp.
MASSIVE DAMAGE!!
You tentacle-slap the gnoll but do no damage.
You constrict the gnoll. You tentacle-slap the gnoll. You constrict the gnoll.
The gnoll hits you with a spear.
* * * LOW HITPOINT WARNING * * *
You take 1 damage, and have 1/18 hp.
You tentacle-slap the gnoll. You constrict the gnoll.
The gnoll hits you with a spear.
You die...

#.# #.### ..#
#...# ..# ###.#
..# #.# ..#
#####.# ..#
#.....# ..#
#.###.# ..# #.#
#.########### ..#
#.# #.......@g..#
.## #.#
#.#########.# ##
#.###.# #.....#
#.##### . #.....##
..#......########
.................#
..####.####)#####.


You could see a gnoll.

Vanquished Creatures
  2 bats (D:1)
  A giant cockroach (D:1)
  A hobgoblin (D:1)
  2 kobolds (D:1)
  A ball python (D:1)
  4 giant newts (D:1)
  5 goblins (D:1)
  2 rats (D:1)
18 creatures vanquished.

Notes
Turn   | Place    | Note
--------------------------------------------------------------
     0 | D:1      | esc the Octopode Transmuter began the quest for the Orb.
     0 | D:1      | Reached XP level 1. HP: 13/13 MP: 3/3
    76 | D:1      | Reached XP level 2. HP: 16/18 MP: 5/5
   266 | D:1      | HP: 2/18 [gnoll/spear (6)]
   269 | D:1      | Slain by a gnoll

Vault maps used:
D:1:      ncdulo_lavacross, hex_tiny

Action                   || total
-------------------------++-------
Melee: Unarmed           ||    41
 Cast: Beastly Appendage ||     1
  Use: Scroll            ||     2
 Stab: Sleeping          ||     3

Vault maps used:
D:1:      ncdulo_lavacross, hex_tiny

Table legend:
 A = Turns spent in this place as a percentage of turns spent in the entire game.
 B = Non-inter-level travel turns spent in this place as a percentage of non-inter-level travel turns spent in the entire game.
 C = Inter-level travel turns spent in this place as a percentage of turns spent in this place.
 D = Turns resting spent in this place as a percentage of non-inter-level travel turns spent in this place.
 E = Turns spent auto-exploring this place as a percentage of non-inter-level travel turns spent in this place.
 F = Non-inter-level travel turns spent in this place divided by the number of levels of this place that you've seen.
                   A       B       C       D       E      F
               +-------+-------+-------+-------+-------+----------------------
         Total | 100.0 | 100.0 |   0.0 |   0.0 |   8.4 | 154.0
       Dungeon | 100.0 | 100.0 |   0.0 |   0.0 |   8.4 | 154.0
               +-------+-------+-------+-------+-------+----------------------

Table legend:
 A = Kills in this place as a percentage of kills in entire the game.
 B = Kills by you in this place as a percentage of kills by you in the entire game.
 C = Kills by friends in this place as a percentage of kills by friends in the entire game.
 D = Other kills in this place as a percentage of other kills in the entire game.
 E = Experience gained in this place as a percentage of experience gained in the entire game.
 F = Experience gained in this place divided by the number of levels of this place that you have seen.
                   A       B       C       D       E      F
               +-------+-------+-------+-------+-------+----------------------
         Total | 100.0 | 100.0 |  -nan |  -nan | 100.0 |  26.0
       Dungeon | 100.0 | 100.0 |  -nan |  -nan | 100.0 |  26.0
               +-------+-------+-------+-------+-------+----------------------
